 Dungeon Crawl Stone Soup version 0.17-a0-1778-gd369669 (webtiles) character file.

8514 4thArraOfDagon the Grappler (level 11, -5/163 HPs)
             Began as a Troll Chaos Knight on Sept 8, 2015.
             Was a Priest of Cheibriados.
             Rolled over by a boulder beetle (28 damage)
             ... on level 14 of the Dungeon.
             The game lasted 00:16:36 (2931 turns).

4thArraOfDagon the Grappler (Troll Chaos Knight)    Turns: 2931, Time: 00:16:36

Health: -5/163     AC: 25    Str: 29    XL:     11   Next: 10%
Magic:  12/13      EV:  1    Int: 18    God:    Cheibriados [***...]
Gold:   363        SH:  0    Dex: 16    Spells: 0 memorised, 10 levels left

rFire  . . .     SeeInvis .       - Unarmed
rCold  . . .     Clarity  .     (armour currently unavailable)
rNeg   + + +     SustAt   .     (no shield)
rPois  +         Gourm    +     (helmet currently unavailable)
rElec  .         Spirit   .     (cloak currently unavailable)
rCorr  .         Warding  .     (gloves unavailable)
rMut   .         NoTele   +     (boots unavailable)
MR     .....                    (no amulet)
Stlth  +.........               (no ring)
                                (no ring)

@: tree-form, manticore barbs, very slow, not resistant to hostile enchantments,
very unstealthy
A: unfitting armour, (antennae 0), (claws 0), blurry vision 2, (deformed body),
fast metabolism 3, gourmand, low mp 1, mutation resistance 1, regeneration 2,
(shaggy fur 0), spit poison 1, (tough skin 0)
a: Spit Poison, Bend Time, Temporal Distortion, Renounce Religion


You were on level 14 of the Dungeon.
You worshipped Cheibriados.
Cheibriados was most pleased with you.
You were very full.
You were a tree.
You visited 1 branch of the dungeon, and saw 14 of its levels.

You collected 363 gold pieces.

Inventory:

Hand weapons
 q - a +0 giant spiked club
Armour
 a - a +2 robe (melded)
Magical devices
 g - a wand of flame (20)
 o - a wand of teleportation (0)
Scrolls
 d - a scroll of random uselessness {unknown}
 e - a scroll of immolation
 k - 3 scrolls of remove curse
 r - a scroll of enchant armour
 s - a scroll of magic mapping {unknown}
Potions
 h - a potion of curing
 l - a potion of magic
 m - a potion of brilliance
 p - a potion of lignification
 v - a potion of flight
Comestibles
 b - 5 bread rations
 c - 3 meat rations
 f - 2 slices of pizza
 i - 3 fruits


   Skills:
 + Level 7.1 Fighting
 + Level 7.0 Dodging
 * Level 11.4 Unarmed Combat
 + Level 6.2 Invocations


You had 10 spell levels left.
You didn't know any spells.

Dungeon Overview and Level Annotations

Branches:
Dungeon (14/15)            Temple (0/1) D:7
   Lair: D:8-11         Orc: D:9-12      Vaults: D:13-14

Altars:
Cheibriados
Dithmenos
Elyvilon
Gozag
Sif Muna

Shops:
D:14 }

Annotations:
D:7 exclusion: oklob sapling
D:11 4thArraOfDagon's ghost, experienced TeFE
D:12 Fannar; Urug
D:14 exclusion: cyclops


Innate Abilities, Weirdness & Mutations

You are too large for most types of armour.
((You have claws for hands.))
Your metabolism is lightning-fast.
You like to eat raw meat.
You heal very quickly.
((You are covered in fur (AC +1).))
((You have very tough skin (AC +2).))
((You have a pair of small antennae on your head.))
Scrolls take you longer to read.
((Armour fits poorly on your strangely shaped body.))
Your magical capacity is low (-10% MP).
You are somewhat resistant to further mutation.
You can spit weak poison.


Message History

You smack the cyclops!
The cyclops is moderately wounded.
You smack the cyclops!
You punch the cyclops, but do no damage.
The cyclops is heavily wounded.
The cyclops hits you!!
* * * LOW HITPOINT WARNING * * *
You pummel the cyclops!! You punch the cyclops.
You kill the cyclops!
Cheibriados appreciates the change of pace.
The boulder beetle curls into a ball and starts rolling!
The boulder beetle smashes into the hound!
The hound dies!
You hit the boulder beetle but do no damage.
You punch the boulder beetle, but do no damage.
The boulder beetle is lightly wounded.
You smack the boulder beetle!
The boulder beetle is lightly wounded.
The boulder beetle smashes into you!
You die...

.....######### ... Y...#.......#
+##... ##...#.......# ......%
#(...#.......#
......##.##...#.......#
.......#.#....#)♣..####
..##..........#B####....
..#$..........§H.S.l....# ###
..#..........######.$...# ....
..#..).......#..(.#.....###+#....
..#...#......#....#..........?...
..#...+......'....#............S.
.)#+###......###'##..............
.....c...........................


You could see a boulder beetle and a manticore.

Vanquished Creatures
  3 centaur warriors
  A dancing weapon (D:14)
  A cyclops (D:14)
  3 hill giants
  A griffon (D:14)
  A yaktaur (D:14)
  2 wyverns
  2 deep elf magi
  A basilisk (D:14)
  2 hippogriffs
  A vampire mosquito (D:12)
  A water moccasin (D:14)
  Duvessa (D:6)
  An orc warrior (D:12)
  2 ice beasts
  4 sky beasts
  4 centaurs
  A boggart (D:14)
  A wyvern zombie (D:13)
  4 giant frogs
  A brain worm (D:13)
  A wyvern skeleton (D:13)
  A scorpion (D:8)
  3 crimson imps
  2 hounds
  A quasit (D:10)
  5 orc priests
  7 orc wizards
  A giant frog skeleton (D:10)
  3 worker ants
  4 adders
  4 gnolls (D:5)
  A shadow imp (D:9)
  An adder skeleton (D:4)
  A worm (D:5)
  24 orcs
  A bat (D:3)
  3 goblins
  2 hobgoblins
  8 jackals
  4 quokkas
  A giant cockroach (D:1)
  A giant gecko (D:7)
  A giant newt (D:7)
  5 kobolds
  2 rats
125 creatures vanquished.

Vanquished Creatures (collateral kills)
  Dowan (D:6)
  A giant newt (D:5)
2 creatures vanquished.

Vanquished Creatures (others)
  A sky beast (D:14)
  A hound (D:14)
2 creatures vanquished.

Grand Total: 129 creatures vanquished

Notes
Turn   | Place    | Note
--------------------------------------------------------------
     0 | D:1      | 4thArraOfDagon the Troll Chaos Knight began the quest for the Orb.
     0 | D:1      | Reached XP level 1. HP: 22/22 MP: 0/0
    59 | D:1      | Reached XP level 2. HP: 29/29 MP: 1/1
    75 | D:1      | XOM: harmless Fire miscast
   300 | D:4      | Reached XP level 3. HP: 32/36 MP: 2/2
   307 | D:4      | XOM: enchant monster (good)
   314 | D:4      | Reached skill level 4 in Unarmed Combat
   342 | D:5      | Entered Level 5 of the Dungeon
   355 | D:5      | XOM: summons friendly crimson imp
   357 | D:5      | Reached XP level 4. HP: 37/45 MP: 3/3
   427 | D:5      | Found a shadowy altar of Dithmenos.
   467 | D:5      | Reached XP level 5. HP: 47/53 MP: 4/4
   595 | D:6      | Reached skill level 5 in Unarmed Combat
   608 | D:6      | Noticed Duvessa
   617 | D:6      | Killed Duvessa
   617 | D:6      | Reached XP level 6. HP: 44/62 MP: 5/5
   618 | D:6      | Noticed Dowan
   629 | D:6      | Killed Dowan
   702 | D:5      | Noticed an ice beast
   710 | D:5      | Killed an ice beast
   717 | D:5      | Found a snail-covered altar of Cheibriados.
   725 | D:5      | Fell from the grace of Xom
   725 | D:5      | Became a worshipper of Cheibriados the Contemplative
   732 | D:5      | Found an opulent altar of Gozag.
   744 | D:5      | Found a white marble altar of Elyvilon.
   747 | D:5      | Found a deep blue altar of Sif Muna.
   812 | D:7      | Reached XP level 7. HP: 67/70 MP: 6/6
   857 | D:7      | Reached skill level 6 in Unarmed Combat
   857 | D:7      | Reached skill level 1 in Invocations
   868 | D:7      | Found a staircase to the Ecumenical Temple.
   876 | D:7      | XOM: chaos cloud
   960 | D:7      | Noticed a hippogriff
   974 | D:7      | Killed a hippogriff
  1012 | D:8      | Noticed a wyvern
  1021 | D:8      | Killed a wyvern
  1029 | D:8      | Acquired Cheibriados's first power
  1035 | D:8      | XOM: mild Trmt miscast
  1044 | D:8      | XOM: medium Tloc miscast
  1090 | D:7      | Reached skill level 7 in Unarmed Combat
  1090 | D:7      | Reached XP level 8. HP: 34/79 MP: 8/8
  1167 | D:9      | XOM: stat loss: -1 Str (22/23)
  1299 | D:9      | XOM: give mutations
  1299 | D:9      | Gained mutation: Scrolls take you a little longer to read. [Xom's mischief]
  1299 | D:9      | Gained mutation: Your flesh is heat resistant. [Xom's mischief]
  1358 | D:10     | Entered Level 10 of the Dungeon
  1358 | D:10     | Noticed a kobold demonologist
  1358 | D:10     | Noticed a kobold demonologist
  1358 | D:10     | Noticed a kobold demonologist
  1361 | D:10     | Noticed a hellwing
  1461 | D:10     | XOM: summons 1 hostile demon
  1499 | D:10     | XOM: give mutations
  1499 | D:10     | Gained mutation: Scrolls take you longer to read. [Xom's mischief]
  1499 | D:10     | Gained mutation: Potions and wands are less effective at restoring your health. [Xom's mischief]
  1583 | D:10     | :O
  1616 | D:10     | HP: 2/79 [wyvern (10)]
  1618 | D:10     | Gained mutation: You are partially covered in large bone plates (AC +2, SH +2). [mutagenic meat]
  1619 | D:10     | Gained mutation: You are weak. (Str -2) [mutagenic meat]
  1620 | D:10     | Gained mutation: Scrolls take you much longer to read. [mutagenic meat]
  1622 | D:10     | Lost mutation: Your flesh is heat resistant. [mutagenic meat]
  1623 | D:10     | Lost mutation: Potions and wands are less effective at restoring your health. [mutagenic meat]
  1704 | D:10     | Reached skill level 5 in Fighting
  1704 | D:10     | Reached skill level 8 in Unarmed Combat
  1771 | D:11     | Noticed 4thArraOfDagon's ghost (experienced TeFE)
  1869 | D:12     | Lost mutation: Scrolls take you much longer to read. [mutagenic meat]
  1870 | D:12     | Lost mutation: You are partially covered in large bone plates (AC +2, SH +2). [mutagenic meat]
  1871 | D:12     | Gained mutation: You are somewhat resistant to further mutation. [mutagenic meat]
  1919 | D:12     | Noticed Fannar
  1971 | D:12     | Reached XP level 9. HP: 79/88 MP: 10/10
  1975 | D:12     | Gained mutation: You can spit weak poison. [mutagenic meat]
  1977 | D:12     | Lost mutation: You are weak. (Str -2) [mutagenic meat]
  1978 | D:12     | Gained mutation: Your magical capacity is low (-10% MP). [mutagenic meat]
  2014 | D:12     | XOM: summons 6 hostile demons
  2068 | D:12     | Reached skill level 5 in Dodging
  2100 | D:12     | Noticed Urug
  2132 | D:12     | Noticed a white ugly thing
  2184 | D:12     | Noticed a hill giant
  2193 | D:12     | Killed a hill giant
  2245 | D:13     | Noticed a centaur warrior
  2253 | D:13     | Killed a centaur warrior
  2253 | D:13     | Reached skill level 9 in Unarmed Combat
  2270 | D:13     | XOM: 1-stop teleportation journey
  2326 | D:14     | Found Romari's Gadget Shop.
  2327 | D:14     | XOM: enchant monster (bad)
  2350 | D:14     | XOM: medium Erth miscast
  2378 | D:14     | Noticed a hill giant
  2394 | D:14     | Killed a hill giant
  2397 | D:14     | Reached XP level 10. HP: 50/98 MP: 11/11
  2448 | D:14     | Noticed a griffon
  2458 | D:14     | Noticed a four-headed hydra
  2485 | D:13     | Noticed a centaur warrior
  2491 | D:13     | Killed a centaur warrior
  2491 | D:13     | Reached skill level 10 in Unarmed Combat
  2491 | D:13     | Reached skill level 5 in Invocations
  2491 | D:13     | XOM: medium Chrm miscast
  2559 | D:13     | Noticed a hill giant
  2577 | D:13     | Killed a hill giant
  2749 | D:14     | Noticed a tengu warrior
  2766 | D:14     | Noticed an enchanted long sword
  2772 | D:14     | Killed an enchanted long sword
  2772 | D:14     | Acquired Cheibriados's second power
  2783 | D:14     | Noticed a cyclops
  2800 | D:14     | Noticed a rakshasa
  2800 | D:14     | XOM: medium Tloc miscast
  2840 | D:14     | Noticed a centaur warrior
  2844 | D:14     | Noticed an enchanted long sword
  2850 | D:14     | XOM: noise
  2892 | D:14     | Gained mutation: You have a pair of small antennae on your head. [potion of mutation]
  2892 | D:14     | Gained mutation: Armour fits poorly on your strangely shaped body. [potion of mutation]
  2896 | D:14     | Noticed a yaktaur
  2900 | D:14     | Noticed a griffon
  2901 | D:14     | Noticed a manticore
  2904 | D:14     | Reached skill level 11 in Unarmed Combat
  2913 | D:14     | Killed a centaur warrior
  2915 | D:14     | Killed a yaktaur
  2917 | D:14     | Reached XP level 11. HP: 61/109 MP: 11/12
  2924 | D:14     | Killed a griffon
  2929 | D:14     | Killed a cyclops
  2931 | D:14     | Rolled over by a boulder beetle

Vault maps used:
D:1:      minmay_arrival_four_houses, grunt_decor_one_mirror,
          okawaru_ov_weapons_minmay
D:2:      tgw_trog
D:4:      tso_oasis_becter
D:5:      overflow_temple_1_default, grunt_temple_overflow_cloverleaf,
          first_bread
D:6:      serial_shops, kennysheep_mini, minmay_crystal_water, st_stairs_9,
          uniq_menkaure, uniq_duvessa
D:7:      minmay_temple_entry_oklob
D:8:      kennysheep_little_box, uniq_erica
D:9:      hangedman_pestilent_swarm
D:10:     serial_column_ruins, column_ruins_hut, column_ruins_open_small,
          column_ruins_grid_3, column_ruins_open_small_water
D:11:     lair_0_dummy, erik_orc_1, nrook_pool_corridor, bh_circular_ruins
D:12:     uniq_fannar, uniq_urug
D:14:     minmay_swirls_squares, erik_vaults_1, serial_shops, shop_fountains

Action                   |  1- 3 |  4- 6 |  7- 9 | 10-12 || total
-------------------------+-------+-------+-------+-------++-------
Melee: Unarmed           |    71 |    83 |   247 |    75 ||   476
Throw: Throwing net      |       |       |     1 |     1 ||     2
Evoke: Wand              |       |       |     7 |     4 ||    11
  Use: Potion            |     3 |       |     2 |     6 ||    11
       Scroll            |       |       |     9 |       ||     9
  Eat: Chunk             |     9 |     3 |    25 |     4 ||    41
